TOP OF THE 1ST |
Florida State Seminoles batting - Pitching for Oregon State Beavers : LHP Kent Smith
|
Pitching: LHP Kent Smith
|
|
Batting: LHB Paul Cotton
|
0-0: Fly out, F9 (Line Drive, 9M)
|
Batting: RHB Adam Davis
|
0-0: Ball 1-0: Ball 2-0: Called Strike 2-1: Ball 3-1: Ground out 6-3 (Groundball, 6)
|
Batting: LHB Randy Wiggins
|
0-0: Ball 1-0: Ball 2-0: SINGLE (Groundball, 3D)
|
Batting: RHB Art Cameron
|
0-0: Called Strike 0-1: Fly out, F8 (Flyball, 8RM)
|
Top of the 1st over - 0 run(s), 1 hit(s), 0 error(s), 1 left on base; Florida State 0 - Oregon State 0 |
BOTTOM OF THE 1ST |
Oregon State Beavers batting - Pitching for Florida State Seminoles : RHP Mike Moyer
|
Pitching: RHP Mike Moyer
|
|
Batting: LHB Jesús Ferreira
|
0-0: Ball 1-0: Ball 2-0: Swinging Strike 2-1: Ground out 6-3 (Groundball, 6)
|
Batting: SHB Chris McKenzie
|
0-0: Called Strike 0-1: Ball 1-1: Called Strike 1-2: Foul Ball, location: 2F 1-2: Ground out 4-3 (Groundball, 34)
|
Batting: RHB Francisco Hernández
|
0-0: SINGLE (Line Drive, 6M)
|
Batting: LHB Howard White
|
0-0: Foul Ball, location: 2F 0-1: Ground out 1-3 (Groundball, 15S)
|
Bottom of the 1st over - 0 run(s), 1 hit(s), 0 error(s), 1 left on base; Florida State 0 - Oregon State 0 |
TOP OF THE 2ND |
Florida State Seminoles batting - Pitching for Oregon State Beavers : LHP Kent Smith
|
Batting: RHB Rubén Hernández
|
0-0: Foul Ball, location: 2F 0-1: Foul Ball, location: 2F 0-2: Ball 1-2: Fly out, F9 (Flyball, 89M)
|
Batting: RHB Aaron Duncan
|
0-0: Ball 1-0: Ball 2-0: Called Strike 2-1: Foul Ball, location: 2F 2-2: Ball 3-2: Foul Ball, location: 2F 3-2: Foul Ball, location: 2F 3-2: Strikes out swinging
|
Batting: LHB Kevin Curtis
|
0-0: Ball 1-0: SINGLE (Groundball, 5D)
|
Batting: RHB John Newman
|
0-0: Ball 1-0: Swinging Strike 1-1: Foul Ball, location: 2F 1-2: Fly out, F8 (Flyball, 8LM)
|
Top of the 2nd over - 0 run(s), 1 hit(s), 0 error(s), 1 left on base; Florida State 0 - Oregon State 0 |
BOTTOM OF THE 2ND |
Oregon State Beavers batting - Pitching for Florida State Seminoles : RHP Mike Moyer
|
Batting: RHB Paul Compton
|
0-0: Ball 1-0: Called Strike 1-1: Ball 2-1: Called Strike 2-2: Ball 3-2: Base on Balls
|
Batting: RHB Conner Riley
|
0-0: Foul Ball, location: 2F 0-1: Called Strike 0-2: Ball 1-2: Strikes out swinging
|
Batting: RHB Joaquín Luna
|
0-0: Ball 1-0: Called Strike 1-1: Ball 2-1: Ball 3-1: Base on Balls Paul Compton to second
|
Batting: RHB Lyndon Burnett
|
0-0: Grounds into double play, 4-6-3 (Groundball, 4)
|
Bottom of the 2nd over - 0 run(s), 0 hit(s), 0 error(s), 1 left on base; Florida State 0 - Oregon State 0 |
TOP OF THE 3RD |
Florida State Seminoles batting - Pitching for Oregon State Beavers : LHP Kent Smith
|
Batting: LHB Allan Bates
|
0-0: Ground out 3-1 (Groundball, 34)
|
Batting: LHB Paul Cotton
|
0-0: Ball 1-0: Called Strike 1-1: Swinging Strike 1-2: Foul Ball, location: 2F 1-2: Fly out, F7 (Flyball, 78M)
|
Batting: RHB Adam Davis
|
0-0: Swinging Strike 0-1: Foul Ball, location: 2F 0-2: Strikes out swinging
|
Top of the 3rd over - 0 run(s), 0 hit(s), 0 error(s), 0 left on base; Florida State 0 - Oregon State 0 |
BOTTOM OF THE 3RD |
Oregon State Beavers batting - Pitching for Florida State Seminoles : RHP Mike Moyer
|
Batting: RHB Ernesto García
|
0-0: Ground out 5-3 (Groundball, 56)
|
Batting: LHB Jesús Ferreira
|
0-0: Ball 1-0: Ball 2-0: Ground out 3-1 (Groundball, 34)
|
Batting: SHB Chris McKenzie
|
0-0: Ball 1-0: Foul Ball, location: 2F 1-1: Foul Ball, location: 2F 1-2: Foul Ball, location: 2F 1-2: Ball 2-2: Strikes out swinging
|
Bottom of the 3rd over - 0 run(s), 0 hit(s), 0 error(s), 0 left on base; Florida State 0 - Oregon State 0 |
TOP OF THE 4TH |
Florida State Seminoles batting - Pitching for Oregon State Beavers : LHP Kent Smith
|
Batting: LHB Randy Wiggins
|
0-0: Called Strike 0-1: Ball 1-1: Ball 2-1: Foul Ball, location: 2F 2-2: Ball 3-2: Base on Balls
|
Batting: RHB Art Cameron
|
0-0: Called Strike 0-1: Called Strike 0-2: Ball 1-2: SINGLE (Groundball, 3D) Randy Wiggins to second Runner from 2nd tries for 3rd, SAFE, no throw or cutoff
|
Batting: RHB Rubén Hernández
|
0-0: Ball 1-0: Called Strike 1-1: Ball 2-1: Ball 3-1: Called Strike 3-2: Strikes out swinging
|
Batting: RHB Aaron Duncan
|
0-0: Called Strike 0-1: Swinging Strike 0-2: Grounds into double play, 1-6-3 (Groundball, 13)
|
Top of the 4th over - 0 run(s), 1 hit(s), 0 error(s), 1 left on base; Florida State 0 - Oregon State 0 |
BOTTOM OF THE 4TH |
Oregon State Beavers batting - Pitching for Florida State Seminoles : RHP Mike Moyer
|
Batting: RHB Francisco Hernández
|
0-0: SOLO HOME RUN (Flyball, 9D), Distance : 348 ft
|
Batting: LHB Howard White
|
0-0: Ball 1-0: Ball 2-0: Swinging Strike 2-1: Ball 3-1: Fly out, F4 (Popup, 4MD)
|
Batting: RHB Paul Compton
|
0-0: Ball 1-0: Foul Ball, location: 2F 1-1: Ground out 6-3 (Groundball, 6)
|
Batting: RHB Conner Riley
|
0-0: Ball 1-0: Ball 2-0: Foul Ball, location: 2F 2-1: Fly out, F9 (Flyball, 9M)
|
Bottom of the 4th over - 1 run(s), 1 hit(s), 0 error(s), 0 left on base; Florida State 0 - Oregon State 1 |
TOP OF THE 5TH |
Florida State Seminoles batting - Pitching for Oregon State Beavers : LHP Kent Smith
|
Batting: LHB Kevin Curtis
|
0-0: Ball 1-0: Ball 2-0: Swinging Strike 2-1: Foul Ball, location: 2F 2-2: Strikes out swinging
|
Batting: RHB John Newman
|
0-0: Ball 1-0: Called Strike 1-1: Ball 2-1: Ball 3-1: Base on Balls
|
Batting: LHB Allan Bates
|
0-0: Foul Ball, location: 2F 0-1: Foul Ball, location: 2F 0-2: Strikes out swinging
|
Batting: LHB Paul Cotton
|
0-0: 2-RUN HOME RUN (Flyball, 9D), Distance : 369 ft
|
Batting: RHB Adam Davis
|
0-0: Foul Ball, location: 2F 0-1: Ball 1-1: Called Strike 1-2: Ground out 2-3 (Groundball, 23)
|
Top of the 5th over - 2 run(s), 1 hit(s), 0 error(s), 0 left on base; Florida State 2 - Oregon State 1 |
BOTTOM OF THE 5TH |
Oregon State Beavers batting - Pitching for Florida State Seminoles : RHP Mike Moyer
|
Batting: RHB Joaquín Luna
|
0-0: Swinging Strike 0-1: Ball 1-1: Foul Ball, location: 2F 1-2: Strikes out swinging
|
Batting: RHB Lyndon Burnett
|
0-0: Called Strike 0-1: Foul Ball, location: 2F 0-2: Ball 1-2: Foul Ball, location: 2F 1-2: Ball 2-2: Foul Ball, location: 2F 2-2: Foul Ball, location: 2F 2-2: Ball 3-2: Base on Balls
|
Batting: RHB Ernesto García
|
0-0: SINGLE (Groundball, 4M) Lyndon Burnett to second
|
Batting: LHB Jesús Ferreira
|
0-0: Ground out 3-1 (Groundball, 34) Lyndon Burnett to third Ernesto García to second
|
Batting: SHB Chris McKenzie
|
0-0: Fly out, F2 (Popup, 2RF)
|
Bottom of the 5th over - 0 run(s), 1 hit(s), 0 error(s), 2 left on base; Florida State 2 - Oregon State 1 |
TOP OF THE 6TH |
Florida State Seminoles batting - Pitching for Oregon State Beavers : LHP Kent Smith
|
Batting: LHB Randy Wiggins
|
0-0: Swinging Strike 0-1: Ball 1-1: SOLO HOME RUN (Flyball, 9LD), Distance : 312 ft
|
Batting: RHB Art Cameron
|
0-0: Called Strike 0-1: Ball 1-1: Ball 2-1: SINGLE (Groundball, 4M)
|
Pitching: RHP John Womack
|
|
Batting: RHB Rubén Hernández
|
0-0: Ball 1-0: Ball 2-0: Called Strike 2-1: Ball 3-1: Called Strike 3-2: Foul Ball, location: 2F 3-2: SINGLE (Line Drive, 4M) Art Cameron to second Runner from 2nd tries for 3rd, SAFE, throw made to third
|
Batting: RHB Aaron Duncan
|
0-0: Called Strike 0-1: Ball 1-1: Ball 2-1: Ground out 6-3 (Groundball, 6) Rubén Hernández to second
|
Batting: LHB Kevin Curtis
|
0-0: Ball 1-0: Ball 2-0: Called Strike 2-1: Foul Ball, location: 2F 2-2: Fly out, F7 (Flyball, 7D) Runner from 3rd tags up, SCORES, no throw
|
Batting: RHB John Newman
|
0-0: Ball 1-0: Ball 2-0: Ball 3-0: Called Strike 3-1: Fly out, F8 (Flyball, 8RM)
|
Top of the 6th over - 2 run(s), 3 hit(s), 0 error(s), 1 left on base; Florida State 4 - Oregon State 1 |
BOTTOM OF THE 6TH |
Oregon State Beavers batting - Pitching for Florida State Seminoles : RHP Mike Moyer
|
Batting: RHB Francisco Hernández
|
0-0: Ball 1-0: Called Strike 1-1: Ground out 5-3 (Groundball, 56)
|
Batting: LHB Howard White
|
0-0: Foul Ball, location: 2F 0-1: Foul Ball, location: 2F 0-2: Ball 1-2: Fly out, F9 (Flyball, 89M)
|
Batting: RHB Paul Compton
|
0-0: Called Strike 0-1: Foul Ball, location: 2F 0-2: Ball 1-2: Ball 2-2: Foul Ball, location: 2F 2-2: Ground out 1-3 (Groundball, 13S)
|
Bottom of the 6th over - 0 run(s), 0 hit(s), 0 error(s), 0 left on base; Florida State 4 - Oregon State 1 |
TOP OF THE 7TH |
Florida State Seminoles batting - Pitching for Oregon State Beavers : RHP John Womack
|
Batting: LHB Allan Bates
|
0-0: Ball 1-0: Foul Ball, location: 2F 1-1: SINGLE (Line Drive, 89S)
|
Batting: LHB Paul Cotton
|
0-0: Sac Bunt - play at second, runner OUT! 1-6
|
Batting: RHB Adam Davis
|
0-0: Foul Ball, location: 2F 0-1: Ball 1-1: Foul Ball, location: 2F 1-2: Ball 2-2: SINGLE (Line Drive, 6MD) Paul Cotton to second Runner from 2nd tries for 3rd, SAFE, no throw or cutoff
|
Batting: LHB Randy Wiggins
|
0-0: 3-RUN HOME RUN (Line Drive, 9D), Distance : 346 ft
|
Pitching: RHP Paul Gallagher
|
|
Batting: RHB Art Cameron
|
0-0: Ball 1-0: Foul Ball, location: 2F 1-1: Swinging Strike 1-2: Ball 2-2: Foul Ball, location: 2F 2-2: Strikes out looking
|
Batting: RHB Rubén Hernández
|
0-0: Ball 1-0: Ball 2-0: Ball 3-0: Called Strike 3-1: Foul Ball, location: 2F 3-2: Strikes out swinging
|
Top of the 7th over - 3 run(s), 3 hit(s), 0 error(s), 0 left on base; Florida State 7 - Oregon State 1 |
BOTTOM OF THE 7TH |
Oregon State Beavers batting - Pitching for Florida State Seminoles : RHP Mike Moyer
|
Pitching: RHP Erik Hale
|
|
Batting: RHB Conner Riley
|
0-0: Bunted foul 0-1: Foul Ball, location: 2F 0-2: Strikes out swinging
|
Batting: RHB Joaquín Luna
|
0-0: Ball 1-0: Foul Ball, location: 2F 1-1: Foul Ball, location: 2F 1-2: Ball 2-2: Foul Ball, location: 2F 2-2: Strikes out swinging
|
Batting: RHB Lyndon Burnett
|
0-0: Called Strike 0-1: Swinging Strike 0-2: Ball 1-2: Foul Ball, location: 2F 1-2: Foul Ball, location: 2F 1-2: Foul Ball, location: 2F 1-2: Ball 2-2: Foul Ball, location: 2F 2-2: Foul Ball, location: 2F 2-2: Strikes out looking
|
Bottom of the 7th over - 0 run(s), 0 hit(s), 0 error(s), 0 left on base; Florida State 7 - Oregon State 1 |
TOP OF THE 8TH |
Florida State Seminoles batting - Pitching for Oregon State Beavers : RHP Paul Gallagher
|
Batting: RHB Aaron Duncan
|
0-0: Ball 1-0: Ball 2-0: Ball 3-0: Base on Balls
|
Batting: LHB Kevin Curtis
|
0-0: Ball 1-0: Called Strike 1-1: Ball 2-1: Sac Bunt - play at first, batter OUT! 1-4 Aaron Duncan to second
|
Batting: RHB John Newman
|
0-0: Swinging Strike 0-1: Called Strike 0-2: Strikes out swinging
|
Batting: LHB Allan Bates
|
0-0: Called Strike 0-1: Called Strike 0-2: Ball 1-2: Ground out 4-3 (Groundball, 4S)
|
Top of the 8th over - 0 run(s), 0 hit(s), 0 error(s), 1 left on base; Florida State 7 - Oregon State 1 |
BOTTOM OF THE 8TH |
Oregon State Beavers batting - Pitching for Florida State Seminoles : RHP Erik Hale
|
Now at 1B: George Wagner
|
|
Batting: RHB Ernesto García
|
0-0: Called Strike 0-1: Ball 1-1: Foul Ball, location: 2F 1-2: SINGLE (Groundball, 34)
|
Batting: LHB Jesús Ferreira
|
0-0: Swinging Strike 0-1: Swinging Strike 0-2: Ball 1-2: Ball Single, Error in OF, E9, batter to second base Ernesto García to third
|
Batting: SHB Chris McKenzie
|
0-0: Ball 1-0: Fly out, F7 (Flyball, 7LM) Runner from 3rd tags up, SCORES, throw made
|
Batting: RHB Francisco Hernández
|
0-0: Called Strike 0-1: Ball 1-1: Ball 2-1: Foul Ball, location: 2F 2-2: Foul Ball, location: 2F 2-2: Ball 3-2: Foul Ball, location: 2F 3-2: DOUBLE (Line Drive, 7D) Jesús Ferreira scores
|
Batting: LHB Howard White
|
0-0: Ground out U3 (Groundball, 3) Francisco Hernández to third
|
Batting: RHB Paul Compton
|
0-0: Ball 1-0: Fly out, F5 (Line Drive, 5)
|
Bottom of the 8th over - 2 run(s), 3 hit(s), 1 error(s), 1 left on base; Florida State 7 - Oregon State 3 |
TOP OF THE 9TH |
Florida State Seminoles batting - Pitching for Oregon State Beavers : RHP Paul Gallagher
|
Pitching: LHP Rick Davis
|
|
Batting: LHB Paul Cotton
|
0-0: Ball 1-0: Ball 2-0: Called Strike 2-1: Foul Ball, location: 2F 2-2: Ball 3-2: Foul Ball, location: 2F 3-2: Foul Ball, location: 2F 3-2: Base on Balls
|
Batting: RHB Adam Davis
|
0-0: Bunted foul 0-1: Sac Bunt - play at first, batter OUT! 1-4 Paul Cotton to second
|
Batting: LHB Randy Wiggins
|
0-0: Ball 1-0: Ball 2-0: Foul Ball, location: 2F 2-1: Ball 3-1: Swinging Strike 3-2: Base on Balls
|
Batting: RHB Art Cameron
|
0-0: Ball 1-0: Called Strike 1-1: Foul Ball, location: 2F 1-2: Strikes out looking
|
Batting: RHB Rubén Hernández
|
0-0: Called Strike 0-1: Ball 1-1: Swinging Strike 1-2: Foul Ball, location: 2F 1-2: Strikes out swinging
|
Top of the 9th over - 0 run(s), 0 hit(s), 0 error(s), 2 left on base; Florida State 7 - Oregon State 3 |
BOTTOM OF THE 9TH |
Oregon State Beavers batting - Pitching for Florida State Seminoles : RHP Erik Hale
|
Pitching: LHP Jeffery Mitchell
|
|
Batting: RHB Conner Riley
|
0-0: Ball 1-0: Ground out 5-3 (Groundball, 15S)
|
Batting: RHB Joaquín Luna
|
0-0: Ball 1-0: Fly out, F8 (Flyball, 8RXD)
|
Batting: RHB Lyndon Burnett
|
0-0: Ball 1-0: Foul Ball, location: 2F 1-1: Ball 2-1: Foul Ball, location: 2F 2-2: Ground out 1-3 (Groundball, 3S)
|
Bottom of the 9th over - 0 run(s), 0 hit(s), 0 error(s), 0 left on base; Florida State 7 - Oregon State 3 |
|